 Dungeon Crawl Stone Soup version 0.29-a0-998-g1987434951 (webtiles) character file.

Game seed: 16966792018689658981

256 drpainis the Chiller (level 6, 0/43 HPs)
             Began as a Human Ice Elementalist on Aug 6, 2022.
             Was a Believer of Makhleb.
             Succumbed to a goblin's poison
             ... on level 3 of the Dungeon.
             The game lasted 00:12:03 (3893 turns).

drpainis the Chiller (Human Ice Elementalist)       Turns: 3893, Time: 00:12:04

Health: 0/43       AC:  3    Str:  8    XL:     6   Next: 39%
Magic:  7/11       EV: 13    Int: 17    God:    Makhleb [**....]
Gold:   146        SH:  0    Dex: 20    Spells: 4/12 levels left

rFire   . . .      SeeInvis .   p - +0 sling
rCold   . . .      Faith    .   (no shield)
rNeg    . . .      Spirit   .   a - +0 robe
rPois   .          Reflect  .   (no helmet)
rElec   .          Harm     .   (no cloak)
rCorr   .          Rampage  .   (no gloves)
Will    .....                   o - +0 pair of boots
Stlth   ++........              (no amulet)
HPRegen 0.14/turn               c - +6 ring of dexterity
MPRegen 0.12/turn               (no ring)

@: lethally poisoned (0 -> -1), freezing walls, very slightly contaminated
A: no striking features
a: Renounce Religion, Minor Destruction


You were on level 3 of the Dungeon.
You worshipped Makhleb.
Makhleb was pleased with you.
You visited 1 branch of the dungeon, and saw 4 of its levels.

You collected 146 gold pieces.

Inventory:

Hand Weapons
 d - a +0 dagger
 p - a +0 sling (weapon)
Missiles
 j - 5 curare-tipped darts
 u - 19 stones
 y - 4 poisoned darts
Armour
 a - a +0 robe (worn)
 o - a +0 pair of boots (worn)
Jewellery
 c - a +6 ring of dexterity (left hand)
 x - a ring of positive energy
Scrolls
 f - a scroll of brand weapon {unknown}
 i - a scroll of silence {unknown}
 l - a scroll of magic mapping {unknown}
 n - 2 scrolls of enchant weapon {unknown}
 q - 2 scrolls of poison {unknown}
 r - 2 scrolls of butterflies {unknown}
 s - a scroll of fear {unknown}
 t - 2 scrolls of identify {unknown}
 v - a scroll of blinking {unknown}
 w - a scroll of vulnerability {unknown}
Potions
 e - 3 potions of flight {unknown}
 g - a potion of attraction {unknown}
 h - 2 potions of degeneration {unknown}
 k - a potion of lignification {unknown}
 m - 2 potions of curing {unknown}


   Skills:
 + Level 1.0 Fighting
 + Level 1.3 Ranged Weapons
 + Level 2.3 Dodging
 + Level 2.5 Stealth
 + Level 0.2 Unarmed Combat
 + Level 3.8 Spellcasting
 + Level 5.2 Ice Magic
 + Level 0.8 Invocations


You had 4 spell levels left.
You knew the following spells:

 Your Spells              Type           Power      Damage    Failure   Level
a - Freeze                Ice            84%        1d10      1%          1
b - Frozen Ramparts       Ice            42%        1d12      5%          3
c - Ozocubu's Armour      Ice            21%        N/A       5%          3
d - Magic Dart            Conj           12%        1d3       16%         1

Your spell library contained the following spells:

 Spells                   Type           Power      Damage    Failure   Level
 Searing Ray              Conj           6%         2d4       24%         2
 Call Canine Familiar     Summ           3%         N/A       43%         3
 Portal Projectile        Hex/Tloc       6%         N/A       43%         3
 Hailstorm                Conj/Ice       12%        3d5       47%         4
 Fulminant Prism          Conj/Hex       1%         3d6       85%         4
 Leda's Liquefaction      Hex/Erth       1%         N/A       85%         4
 Passage of Golubria      Tloc           3%         N/A       85%         4
 Silence                  Hex/Air        1%         N/A       99%         5
 Lehudib's Crystal Spear  Conj/Erth      1%         10d2      100%        8


Dungeon Overview and Level Annotations

Branches:
Dungeon (4/15)
 Temple: D:4-7

Altars:
Makhleb
Nemelex Xobeh
Okawaru


Message History

You are very lightly contaminated with residual magic.
Nothing appears to happen.
You feel sick.
The wall freezes the black bear but does no damage.
The black bear barely misses you. The black bear claws you.
* * * LOW HITPOINT WARNING * * *
The black bear claws you.
* * * LOW HITPOINT WARNING * * *
Really renounce your faith, foregoing its fabulous benefits? [Y]es or [N]o only, please.
Really renounce your faith, foregoing its fabulous benefits? [Y]es or [N]o only, please.
Really renounce your faith, foregoing its fabulous benefits? [Y]es or [N]o only, please.
Really renounce your faith, foregoing its fabulous benefits? [Y]es or [N]o only, please.
Really renounce your faith, foregoing its fabulous benefits? [Y]es or [N]o only, please.
Really renounce your faith, foregoing its fabulous benefits?
Okay, then.
Casting: Freeze (safe; 2% risk of failure)
Confirm with . or Enter, or press ? or * to list all spells.
Aiming: Freeze (safe; 2% risk of failure)
Press: ? - help, Shift-Dir - straight line, f/p - black bear
Aim: a black bear (almost dead)
You freeze the black bear.
You kill the black bear!
Makhleb accepts your kill.
* * * LOW HITPOINT WARNING * * *
You feel sick.
Your Fighting skill increases to level 1!
You have reached level 6!
There is a lethal amount of poison in your body!
There is a lethal amount of poison in your body!
Unknown command.
There is a lethal amount of poison in your body!
* * * LOW HITPOINT WARNING * * *
You feel sick.
* * * LOW HITPOINT WARNING * * *
You feel sick.
You die...

..................#....#.#.# #.#
..................#....#.#.###.##
.................................
...........####..P.PP.._..PPPP..#
.................................
..................#....###.#.#.##
..................#....###.#.#.#
..................'........#.#.#
...........####.@##....#####.#.#
...........#....>).....# #.#.#
.......................#####.#.#
.......................#.....#.#
.......................#.#####.#
.......................#.# #.#
........###............#.# #.#
........# #.........)).#.# #.#
........# #............#.# #.#


There were no monsters in sight!

Vanquished Creatures
  A black bear (D:3)
  A necrophage (D:3)
  3 adders
  3 worms (D:2)
  A dart slug (D:2)
  7 endoplasms
  7 giant cockroaches
  13 goblins
  6 hobgoblins
  6 quokkas
  4 ball pythons
  5 bats
  4 frilled lizards
  4 kobolds
  2 rats
67 creatures vanquished.

Vanquished Creatures (others)
  A plant (D:3)
1 creature vanquished.

Grand Total: 68 creatures vanquished

Notes
Turn   | Place    | Note
-------+----------+-------------------------------------------
     0 | D:1      | drpainis the Human Ice Elementalist began the quest for the
                  | Orb.
     0 | D:1      | Reached XP level 1. HP: 13/13 MP: 3/3
   448 | D:1      | Reached XP level 2. HP: 18/19 MP: 1/5
   846 | D:1      | Reached XP level 3. HP: 24/24 MP: 2/6
  1190 | D:1      | Found a faded altar of an unknown god.
  1208 | D:1      | Prayed at the altar of an unknown god.
  1208 | D:1      | Became a worshipper of Makhleb the Destroyer
  1208 | D:1      | Reached * piety under Makhleb
  1402 | D:2      | Learned a level 3 spell: Frozen Ramparts
  1632 | D:2      | Found a sparkling altar of Nemelex Xobeh.
  1971 | D:2      | Reached XP level 4. HP: 30/30 MP: 5/7
  2919 | D:3      | Learned a level 3 spell: Ozocubu's Armour
  3170 | D:3      | Learned a level 1 spell: Magic Dart
  3202 | D:3      | Reached ** piety under Makhleb
  3291 | D:3      | Reached XP level 5. HP: 32/35 MP: 4/9
  3471 | D:3      | Found an iron altar of Okawaru.
  3792 | D:4      | Noticed a black bear
  3799 | D:3      | Reached skill level 1 in Ranged Weapons
  3799 | D:3      | Reached skill level 5 in Ice Magic
  3890 | D:3      | Killed a black bear
  3891 | D:3      | Reached skill level 1 in Fighting
  3891 | D:3      | Reached XP level 6. HP: 3/43 MP: 7/11
  3891 | D:3      | HP: 2/43 [poisoned by a goblin]
  3893 | D:3      | Succumbed to a goblin's poison

Illustrated notes

Levels and vault maps discovered:
D:1:      heliophobic_arrival_dark_side_of_the_moon, layout_basic,
          hellmonk_ecumenical_altar_zigzags, minmay_pentomino_q2
D:2:      layout_basic, basic_altar
D:3:      layout_basic, mainiacjoe_overflow_boulevard, minmay_bisected
D:4:      layout_loops_ring, gup_sewer_entry_spiral, serial_shops, shop,
          serial_demonic, serial_demonic_d, serial_demonic_a, serial_demonic_e,
          serial_demonic_d, uniq_sigmund, uniq_ijyb

Skill      XL: |  1  2  3  4  5 |
---------------+----------------+-----
Spellcasting   | 3 |  3.8
Ranged Weapons | 1 |  1.3
Ice Magic      | 5 |  5.2
Fighting       | 1 |  1.0
Dodging        | |  2.3
Stealth        | |  2.5
Unarmed Combat | |  0.2
Invocations    | |  0.8

Action                   |  1- 3 |  4- 6 || total
-------------------------+-------+-------++-------
Melee: Unarmed           |     9 |       ||     9
       Dagger            |    10 |    16 ||    26
 Fire: Sling             |       |    29 ||    29
 Cast: Freeze            |    45 |    29 ||    74
       Frozen Ramparts   |     2 |     8 ||    10
       Magic Dart        |       |     4 ||     4
Invok: Minor Destruction |       |     4 ||     4
  Use: Potion            |       |     1 ||     1
Armor: Robe              |    14 |    15 ||    29
Dodge: Dodged            |    27 |    46 ||    73

Table legend: (Time is in decaauts)
 A = Elapsed time spent in this place.
 B = Non-inter-level travel time spent in this place.
 C = Inter-level travel time spent in this place.
 D = Time resting spent in this place.
 E = Time spent auto-exploring this place.
 F = Levels seen in this place.
 G = Mean time per level.
                   A        B        C        D        E       F      G
               +--------+--------+--------+--------+--------+-----+--------+
         Total |   3903 |   3752 |    151 |    436 |   2341 |   4 |  975.8 |
       Dungeon |   3903 |   3752 |    151 |    436 |   2341 |   4 |  975.8 |
               +--------+--------+--------+--------+--------+-----+--------+

Top non-repeatable levels by time:
     D:2: 1464 daAuts
     D:1: 1385 daAuts
     D:3: 1047 daAuts
     D:4: 6 daAuts
